 Dungeon Crawl Stone Soup version 0.19.1-1-g22dce08 (webtiles) character file.

156 M4edhros the Insei (level 5, -3/31 HPs)
             Began as an Octopode Necromancer on Dec 30, 2016.
             Killed by divine providence
             ... invoked by an orc priest
              (13 damage)
             ... on level 3 of the Dungeon.
             The game lasted 00:02:55 (610 turns).

M4edhros the Insei (Octopode Necromancer)            Turns: 610, Time: 00:02:55

Health: -3/31      AC:  1    Str:  8    XL:     5   Next: 37%
Magic:  6/8        EV: 13    Int: 17    God:
Gold:   58         SH:  0    Dex: 13    Spells: 3 memorised, 3 levels left

rFire  . . .     SeeInvis .       - Unarmed
rCold  . . .     Gourm    .     (no shield)
rNeg   . . .     Faith    .     (helmet restricted)
rPois  .         Spirit   .     (no amulet)
rElec  .         Reflect  .     (no ring)
rCorr  .         Harm     .     (no ring)
MR     .....                    (no ring)
Stlth  +++.......               (no ring)
                                (no ring)
                                (no ring)
                                (no ring)
                                (no ring)

@: no status effects
A: almost no armour, stealthy swim, amphibious, 8 rings, constrict 8, camouflage
1, gelatinous body 1
a: no special abilities


You were on level 3 of the Dungeon.
You were not hungry.

You visited 1 branch of the dungeon, and saw 3 of its levels.

You collected 58 gold pieces.

Inventory:

Missiles
 f - 18 poisoned needles
Scrolls
 d - a scroll of blinking {unknown}
 e - a scroll of random uselessness {unknown}
 g - 2 scrolls of identify {unknown}
Potions
 c - a potion of haste {unknown}
 h - a potion of heal wounds {unknown}
Books
 a - a book of Necromancy

   Spells                             Type                      Level
   a - Pain                           Necromancy                   1
   b - Animate Skeleton               Necromancy                   1
   c - Vampiric Draining              Necromancy                   3
   d - Regeneration                   Charms/Necromancy            3
   e - Animate Dead                   Necromancy                   4
   f - Control Undead                 Necromancy                   4
Comestibles
 b - 2 bread rations
 i - 5 chunks of flesh


   Skills:
 - Level 2.0 Dodging
 - Level 2.6 Stealth
 + Level 4.9 Unarmed Combat
 - Level 2.0 Spellcasting
 - Level 4.0 Necromancy


You had 3 spell levels left.
You knew the following spells:

 Your Spells              Type           Power        Failure   Level  Hunger
a - Pain                  Necr           ###.         3%          1    #......
b - Animate Skeleton      Necr           N/A          3%          1    #......
c - Regeneration          Chrm/Necr      #.........   24%         3    ###....


Dungeon Overview and Level Annotations

Branches:
Dungeon (3/15)

Altars:
The Shining One


Innate Abilities, Weirdness & Mutations

You cannot wear most types of armour.
You are very stealthy in the water. (Stealth+)
You are amphibious.
You can wear up to eight rings at the same time.
You can use your tentacles to constrict eight enemies at once.
Your skin changes colour to match your surroundings (Stealth+).
Your rubbery body absorbs attacks. (AC +1, EV +1)


Message History

Your grab misses the orc priest.
Your bullfrog skeleton hits the orc priest.
The orc hits your quokka skeleton with a short sword.
Your quokka skeleton bites the orc.
The orc priest calls down the wrath of Beogh upon you.
Pain shoots through your body!
You barely miss the orc priest. You grab the orc priest.
The orc priest is heavily wounded.
You constrict the orc priest, but do no damage.
Your bullfrog skeleton hits the orc priest.
The orc hits your quokka skeleton with a short sword.
Your quokka skeleton is destroyed!
Your bullfrog skeleton hits the orc priest but does no damage.
You tentacle-slap the orc priest but do no damage.
You squeeze the orc priest.
The orc priest is severely wounded.
You constrict the orc priest, but do no damage.
The orc priest calls down the wrath of Beogh upon you.
Beogh smites you!
You die...

.. ..... #. .#.#
#.##... .#
#.#..#.#[ #.#..
.. . #g#o# .###..
#### #o#.##.....#
(...###Z@.#......
b.....Z...>..#
..#...#....###
###.....##
...###.)....##
#.....###.)#
....###.# #....#
#.( #..# #.##.#
###. ###.####..
...


You could see an orc priest, an orc, a hobgoblin, a bat, a friendly adder
skeleton and a friendly bullfrog skeleton.

Vanquished Creatures
  A bullfrog (D:3)
  3 adders
  An ooze (D:1)
  3 dart slugs
  3 leopard geckos
  3 bats
  A giant cockroach (D:2)
  3 goblins
  3 hobgoblins (D:1)
  A quokka (D:3)
  5 frilled lizards
  4 kobolds (D:1)
  5 rats
36 creatures vanquished.

Vanquished Creatures (collateral kills)
  An orc priest (D:3)
  2 orcs (D:3)
  A goblin (D:3)
  A hobgoblin (D:3)
5 creatures vanquished.

Grand Total: 41 creatures vanquished

Notes
Turn   | Place    | Note
-------+----------+-------------------------------------------
     0 | D:1      | M4edhros the Octopode Necromancer began the quest for the Orb.
     0 | D:1      | Reached XP level 1. HP: 11/11 MP: 3/3
    39 | D:1      | Reached skill level 1 in Unarmed Combat
    44 | D:1      | Reached XP level 2. HP: 9/17 MP: 0/5
   226 | D:2      | Reached XP level 3. HP: 5/21 MP: 2/6
   263 | D:1      | Learned a level 1 spell: Animate Skeleton
   267 | D:1      | Learned a level 3 spell: Regeneration
   465 | D:3      | Found a glowing golden altar of the Shining One.
   465 | D:3      | Noticed a bullfrog
   497 | D:3      | Reached XP level 4. HP: 22/27 MP: 3/7
   557 | D:3      | Killed a bullfrog
   557 | D:3      | Reached XP level 5. HP: 21/31 MP: 2/8
   610 | D:3      | Killed from afar by an orc priest

Skill      XL: |  1  2  3  4 |
---------------+-------------+-----
Unarmed Combat | 1 2 3 4 |  4.9
Dodging        | |  2.0
Stealth        | |  2.6
Spellcasting   | |  2.0
Necromancy     | |  4.0

Action                   |  1- 3 |  4- 6 || total
-------------------------+-------+-------++-------
Melee: Unarmed           |    48 |    14 ||    62
       Constrict         |    13 |     7 ||    20
       Tentacles         |     9 |     3 ||    12
 Cast: Pain              |    22 |       ||    22
       Regeneration      |     2 |     1 ||     3
       Animate Skeleton  |       |     4 ||     4
  Use: Potion            |     1 |       ||     1
 Stab: Sleeping          |     3 |     1 ||     4
Armor: Skin              |     2 |       ||     2
Dodge: Dodged            |    19 |     6 ||    25
